 Dungeon Crawl Stone Soup version 0.14-a0-586-g2535b90 (webtiles) character file.

500 PolkaDot the Gusty (level 6, 0/41 HPs)
             Began as a Vampire Air Elementalist on Nov 4, 2013.
             Succumbed to a giant mite's poison
             ... on Level 5 of the Dungeon.
             The game lasted 00:21:10 (4902 turns).

PolkaDot the Gusty (Vampire Air Elementalist)       Turns: 4902, Time: 00:21:11

HP   0/41        AC  3     Str 11      XL: 6   Next: 30%
MP   1/10        EV 18     Int 19      God:
Gold 159         SH  0     Dex 19      Spells:  2 memorised,  3 levels left

Res.Fire  : . . .   See Invis. : +   q - +2,+4 orc sabre
Res.Cold  : + . .   Warding    : +   a - +0 robe
Life Prot.: + + +   Conserve   : .   (no shield)
Res.Poison: +       Res.Corr.  : .   (no helmet)
Res.Elec. : .       Clarity    : .   (no cloak)
Sust.Abil.: . .     Spirit.Shd : .   (no gloves)
Res.Mut.  : .       Stasis     : .   s - +0 pair of boots
Res.Rott. : +       Flight     : .   j - amulet of warding {unknown}
Saprovore : . . .                    (no ring)
                                     t - cursed +4 ring of strength

@: regenerating slowly, agile, mildly poisoned, very slightly contaminated,
slightly resistant to hostile enchantments, very stealthy
A: bottle blood, fangs 3, see invisible, unbreathing
a: Bat Form, Bottle Blood


You were on level 5 of the Dungeon.
You were thirsty.

You visited 1 branch of the dungeon, and saw 5 of its levels.

You collected 159 gold pieces.

Inventory:

Hand weapons
 c - a +1,+3 orcish dagger of holy wrath
 q - a +2,+4 orcish sabre (weapon)
Armour
 a - a +0 robe (worn)
 s - a +0 pair of boots (worn)
 z - a +0 buckler
Magical devices
 k - a wand of fireball (3) {unknown}
 v - a wand of frost (13)
Scrolls
 d - a scroll of teleportation
 f - a scroll of blinking
 h - a scroll of enchant weapon I
 i - 3 scrolls of remove curse
 m - a scroll of noise
 r - a scroll of enchant armour {unknown}
 y - a scroll of curse weapon {unknown}
Jewellery
 j - an amulet of warding (around neck) {unknown}
 p - an uncursed amulet of inaccuracy {unknown}
 t - a cursed +4 ring of strength (left hand)
Potions
 e - a potion of speed {unknown}
 g - a potion of curing {unknown}
 l - a potion of magic
 n - a potion of cure mutation
 u - a potion of beneficial mutation
 B - a potion of slowing {unknown}
Books
 b - a book of Air

   Spells                             Type                      Level
   *Shock                             Conjuration/Air              1
   Swiftness                          Charms/Air                   2
   Repel Missiles                     Charms/Air                   2
   Flight                             Charms/Air                   3
   *Static Discharge                  Conjuration/Air              3
   Lightning Bolt                     Conjuration/Air              5


   Skills:
 - Level 2.1 Dodging
 - Level 3.0 Stealth
 - Level 1.0 Spellcasting
 + Level 3.4 Conjurations
 * Level 5.4 Air Magic


You had 3 spell levels left.
You knew the following spells:

 Your Spells              Type           Power        Failure   Level  Hunger
a - Static Discharge      Conj/Air       ###.....     12%         3    ####...
s - Shock                 Conj/Air       ###.         3%          1    ##.....


Dungeon Overview and Level Annotations

Branches:
Dungeon (5/27)
 Temple: D:4-7

Altars:
Fedhas
Trog
Zin

Annotations:
D:4 timbw's ghost, weakling DEIE
D:5 Dowan


Innate Abilities, Weirdness & Mutations

You heal slowly.
You can bottle blood from corpses.
You have razor-sharp teeth.*
You have supernaturally acute eyesight.
You can survive without breathing.*


Message History

Duvessa hits you with an elven short sword.
* * * LOW HITPOINT WARNING * * *
Duvessa closely misses you.
Duvessa hits you with an elven short sword.
* * * LOW HITPOINT WARNING * * *
Read which item? (? for menu, Esc to quit)
Okay, then.
Read which item? (? for menu, Esc to quit)
Blink to where?
Press: ? - help, Dir - move target cursor, p - Duvessa
As you read the scroll of blinking, it crumbles to dust.
Casting: Static Discharge
Confirm with . or Enter, or press ? or * to list all spells.
Aiming: Shock
Press: ? - help, Shift-Dir - straight line, f - Duvessa
Aim: Duvessa, wielding an elven short sword (almost dead, moving very quickly)
The zap hits Duvessa.
You kill Duvessa!
You hear a distant wail of despair.
You die...

*,,,,,,,,,****,,,,,* *,,>
**+******** *,,,,,* *,,, *,,,*
**##+#* *** *#####+## #..* *
#.......# #.#* *#.......# ##.####
*** ,+.......# ###.....# *,,
*#.......#######.......# *,,
*#[......'......@#.....# *****,,
*#.......#########.....####.,,+,,
#.......# #..........***,,
#.......# #.....#####* *+
######'### ##.#### *, #...## #.##
*, ###..# #..# ** ##.# ##.# ***
######'## #)# *,,


There were no monsters in sight!

Vanquished Creatures
  Duvessa (D:5)
  A centaur skeleton (D:5)
  An iguana (D:4)
  2 worker ants (D:4)
  An ogre zombie (D:2)
  6 adders
  A giant mite (D:5)
  3 worms
  2 giant geckos (D:1)
  An ooze (D:4)
  3 orcs (D:3)
  4 ball pythons
  5 goblins
  4 hobgoblins
  2 jackals (D:3)
  9 kobolds
  8 bats
  A giant cockroach (D:3)
  A giant gecko skeleton (D:4)
  7 giant newts
  2 hobgoblin skeletons
  A hobgoblin zombie (D:2)
  A jackal skeleton (D:4)
  A kobold zombie (D:2)
  12 rats
  2 rat zombies (D:2)
82 creatures vanquished.

Notes
Turn   | Place    | Note
--------------------------------------------------------------
     0 | D:1      | PolkaDot, the Vampire Air Elementalist, began the quest for the Orb.
     0 | D:1      | Reached XP level 1. HP: 13/13 MP: 4/4
    79 | D:1      | Reached skill level 1 in Conjurations
   245 | D:1      | Reached XP level 2. HP: 11/19 MP: 5/5
  1572 | D:2      | Reached XP level 3. HP: 24/24 MP: 1/6
  2343 | D:2      | Reached XP level 4. HP: 30/30 MP: 8/8
  2351 | D:2      | Learned a level 3 spell: Static Discharge
  2430 | D:2      | Found a bloodstained altar of Trog.
  3149 | D:3      | Reached skill level 4 in Air Magic
  3295 | D:4      | Reached XP level 5. HP: 16/35 MP: 0/9
  3603 | D:4      | Found a blossoming altar of Fedhas.
  3603 | D:4      | Found a glowing silver altar of Zin.
  4426 | D:4      | Noticed timbw's ghost (weakling DEIE)
  4720 | D:5      | Entered Level 5 of the Dungeon
  4795 | D:5      | Reached skill level 5 in Air Magic
  4817 | D:5      | Reached XP level 6. HP: 17/41 MP: 1/10
  4877 | D:5      | Noticed Duvessa
  4877 | D:5      | Noticed Dowan
  4897 | D:5      | HP: 1/41 [Duvessa/elven short sword (4)]
  4899 | D:5      | Killed Duvessa
  4902 | D:5      | Succumbed to a giant mite's poison

Action                   |  1- 3 |  4- 6 || total
-------------------------+-------+-------++-------
Melee: Unarmed           |    16 |       ||    16
       Dagger            |    30 |       ||    30
       Sabre             |     6 |    80 ||    86
 Cast: Shock             |    67 |    43 ||   110
       Static Discharge  |       |    17 ||    17
Evoke: Wand              |       |     1 ||     1
  Use: Scroll            |     1 |    19 ||    20
       Potion            |     1 |     3 ||     4
 Stab: Sleeping          |       |     4 ||     4
